Map: Eternal Empire LE

Players

Armani

  • Race: Zerg Zerg
  • League: Grandmaster
  • Spawn Location: 7:00

llllllllllll (Trap) - Winner!

  • Race: Protoss Protoss
  • League: Master
  • Spawn Location: 1:00

VOD

Have the link to the VOD?

Description

Time

  • Played on: Jan. 16, 2020, 5:45 a.m.
  • Length: 18:34
Show
View Real Time Build Order
Export as new Build Order

Armani Zerg 

Build Orders: Hatch First 

Get SALT Encoding   

  12  0:00  Drone  
  13  0:13  Overlord  
  13  0:17  Drone  
  14  0:32  Drone  
  14  0:33  Drone  
  16  0:49  Hatchery  
  15  0:52  Drone  
  15  0:56  Drone  
  17  0:58  Drone  
  18  1:09  Extractor  
  17  1:14  Spawning Pool  
  17  1:18  Drone  
  17  1:21  Drone  
  18  1:28  Drone  
  19  1:39  Drone  
  20  1:50  Overlord  
  20  2:01  Queen  
  20  2:02  Zergling x4, Queen  
  26  2:10  Metabolic Boost  
  26  2:11  Drone  
  26  2:14  Drone  
  28  2:24  Drone  
  28  2:25  Drone  
  30  2:40  Hatchery  
  29  2:45  Queen  
  29  2:47  Drone  
  29  2:49  Drone  
  33  2:54  Drone  
  33  2:57  Overlord  
  34  3:01  Drone x2  
  35  3:13  Overlord  
  35  3:16  Drone x4  
  35  3:19  Drone  
  40  3:26  Queen, Evolution Chamber  
  41  3:31  Drone x2  
  41  3:33  Drone  
  44  3:37  Drone  
  45  3:41  Drone  
  45  3:42  Drone x2  
  45  3:45  Overlord  
  48  3:52  Zerg Melee Weapons Level 1  
  48  3:56  Drone  
  48  3:59  Spore Crawler, Queen  
  48  4:00  Zergling x2  
  50  4:05  Zergling x6  
  50  4:06  Spore Crawler  
  50  4:07  Zergling x2  
  53  4:12  Zergling x4  
  53  4:14  Drone  
  55  4:18  Drone  
  55  4:21  Drone  
  55  4:23  Overlord  
  57  4:26  Overlord  
  57  4:32  Drone  
  57  4:35  Overlord  
  57  4:41  Spore Crawler  
  57  4:42  Drone x5  
  57  4:44  Drone  
  62  4:46  Overlord  
  62  4:48  Drone  
  62  4:49  Drone  
  64  4:55  Roach Warren  
  64  4:59  Zergling x4  
  66  5:00  Zergling x4  
  66  5:01  Drone  
  66  5:04  Drone  
  67  5:08  Drone x2  
  67  5:13  Lair  
  67  5:16  Extractor  
  67  5:17  Extractor, Drone x6  
  67  5:21  Drone  
  72  5:23  Overlord  
  72  5:27  Overlord  
  72  5:31  Spore Crawler, Drone x2  
  72  5:32  Spore Crawler  
  72  5:33  Drone  
  72  5:35  Spore Crawler  
  71  5:37  Zergling x2  
  71  5:38  Zergling x4  
  71  5:41  Drone  
  75  5:45  Zergling x6  
  75  5:48  Drone  
  79  5:50  Zergling x2, Extractor  
  79  5:55  Zergling x10  
  82  6:02  Drone  
  78  6:05  Drone  
  78  6:06  Drone  
  78  6:07  Extractor  
  78  6:09  Extractor  
  78  6:12  Zergling x2  
  78  6:14  Drone  
  78  6:16  Zerg Melee Weapons Level 2  
  78  6:18  Spire  
  79  6:19  Drone  
  79  6:20  Hatchery  
  79  6:24  Overseer  
  79  6:28  Zergling x6  
  82  6:33  Drone x3  
  82  6:35  Drone  
  82  6:36  Drone, Overlord  
  87  6:46  Overlord  
  87  6:48  Drone x2  
  87  6:49  Overlord  
  87  6:50  Drone  
  87  6:51  Drone  
  87  6:52  Drone  
  87  6:54  Drone, Overlord  
  91  6:58  Overlord  
  86  7:11  Overlord  
  79  7:23  Drone x4  
  82  7:30  Corruptor x8  
  82  7:32  Zerg Flyer Weapons Level 1  
  82  7:36  Zergling x8  
  101  7:39  Unknown  
  101  7:41  Zergling x8  
  102  7:54  Drone x2  
  102  7:55  Spore Crawler  
  102  7:56  Mutalisk x5  
  102  7:58  Mutalisk  
  113  8:02  Mutalisk  
  113  8:04  Zergling x6  
  120  8:09  Mutalisk  
  120  8:11  Zergling x8  
  126  8:19  Mutalisk  
  128  8:22  Zergling x12  
  128  8:23  Zergling x4  
  128  8:24  Overlord  
  136  8:29  Mutalisk  
  136  8:30  Mutalisk  
  136  8:33  Overlord x2  
  140  8:39  Overlord  
  132  8:47  Mutalisk x3  
  118  8:51  Zergling x10  
  118  8:52  Queen  
  118  8:55  Queen  
  121  8:57  Drone  
  121  9:00  Drone x3  
  123  9:09  Hatchery  
  122  9:15  Mutalisk x3  
  126  9:25  Mutalisk x2  
  130  9:32  Zergling x12  
  130  9:33  Zergling x6  
  139  9:39  Queen  
  139  9:41  Zerg Flyer Weapons Level 2  
  136  9:50  Drone x2  
  136  9:51  Drone  
  134  9:57  Mutalisk x2  
  138  10:02  Unknown  
  138  10:06  Mutalisk x3  
  143  10:10  Zergling x4  
  143  10:13  Overlord  
  144  10:18  Drone x4  
  147  10:24  Zergling x8  
  151  10:34  Zergling x16  
  158  10:40  Mutalisk x2  
  162  10:43  Zergling x6  
  164  10:50  Mutalisk x3  
  163  11:02  Mutalisk x4  
  149  11:16  Zergling x24  
  151  11:24  Mutalisk x2  
  151  11:26  Mutalisk  
  151  11:30  Zergling x2  
  154  11:33  Mutalisk x2  
  154  11:36  Drone  
  160  11:40  Zergling x12  
  160  11:43  Mutalisk  
  167  11:51  Mutalisk x3  
  167  11:53  Zergling x2  
  167  11:54  Zergling x6  
  171  11:59  Mutalisk  
  162  12:10  Mutalisk x2  
  141  12:16  Zergling x2  
  141  12:17  Zergling x12  
  117  12:30  Zergling x18  
  122  12:38  Spire  
  110  12:49  Zergling x10  
  104  12:54  Zergling x4  
  96  12:59  Zergling x2  
  95  13:08  Zergling x2  
  78  13:21  Zergling x2  
  78  13:22  Zergling x4  
  81  13:30  Zergling x6  
  71  13:51  Mutalisk x4  
  73  13:59  Drone x3  
  76  14:04  Drone  
  76  14:06  Extractor  
  76  14:13  Mutalisk  
  78  14:22  Mutalisk  
  80  14:26  Mutalisk  
  82  14:38  Mutalisk  
  82  14:42  Zergling x8  
  82  14:45  Drone  
  89  14:53  Mutalisk  
  91  15:02  Mutalisk  
  93  15:18  Hatchery  
  92  15:21  Drone  
  93  15:29  Mutalisk  
  95  15:36  Mutalisk  
  97  15:47  Mutalisk  
  97  15:48  Mutalisk  
  101  16:06  Mutalisk x2  
  102  16:20  Drone x4  
  105  16:31  Drone x2  
  107  16:44  Corruptor  
  91  17:02  Corruptor x2  
  93  17:10  Mutalisk  
  93  17:11  Mutalisk  
  93  17:13  Drone  
  97  17:19  Extractor  
  97  17:20  Extractor  
  95  17:29  Mutalisk x2  
  97  17:32  Mutalisk  
  101  17:39  Mutalisk  
  101  17:43  Mutalisk  
  104  17:51  Mutalisk  
  104  17:57  Zergling x2  
  104  17:58  Zergling x4  
  109  18:07  Mutalisk  
Show
View Real Time Build Order
Export as new Build Order

llllllllllll Protoss - Winner!

Build Orders: 1 Gate Expand, Oracle Opening, Phoenix Opening, Mass Phoenix, Zealot Archon 

Get SALT Encoding   

  12  0:00  Probe  
  13  0:12  Probe  
  14  0:18  Pylon  
  14  0:24  Probe (Chrono Boost)  
  15  0:36  Probe (Chrono Boost)  
  16  0:44  Gateway  
  16  0:45  Probe (Chrono Boost)  
  17  0:50  Probe  
  17  0:53  Assimilator  
  18  1:03  Probe  
  19  1:15  Probe  
  20  1:23  Nexus  
  20  1:34  Cybernetics Core  
  20  1:36  Probe  
  21  1:42  Assimilator  
  21  1:48  Probe  
  21  1:51  Pylon  
  22  1:59  Pylon  
  22  2:01  Probe  
  22  2:07  Adept (Chrono Boost)  
  23  2:13  Probe  
  26  2:19  Stargate  
  26  2:26  Probe (Chrono Boost)  
  26  2:27  Warp Gate  
  27  2:32  Adept  
  27  2:35  Probe (Chrono Boost)  
  30  2:38  Probe (Chrono Boost)  
  31  2:46  Probe (Chrono Boost)  
  31  2:47  Probe (Chrono Boost)  
  31  2:50  Probe (Chrono Boost)  
  33  2:52  Probe  
  35  3:01  Probe  
  35  3:04  Probe  
  37  3:05  Phoenix (Chrono Boost)  
  37  3:06  Adept  
  37  3:11  Pylon  
  41  3:14  Probe  
  41  3:16  Probe  
  43  3:23  Oracle (Chrono Boost)  
  46  3:29  Probe x2  
  46  3:33  Assimilator  
  48  3:36  Pylon  
  48  3:37  Assimilator  
  48  3:41  Probe x2  
  50  3:52  Stargate  
  50  3:54  Probe x2  
  52  4:07  Probe x2, Pylon  
  52  4:09  Phoenix  
  56  4:19  Probe x2  
  58  4:34  Phoenix (Chrono Boost)  
  58  4:37  Phoenix (Chrono Boost)  
  58  4:38  Gateway  
  62  4:39  Zealot  
  62  4:41  Gateway  
  64  4:50  Pylon  
  64  4:51  Pylon  
  64  4:54  Phoenix (Chrono Boost)  
  64  4:55  Phoenix (Chrono Boost), Pylon  
  68  5:00  Zealot  
  68  5:04  Probe x2  
  45  5:14  Phoenix  
  70  5:16  Phoenix  
  73  5:21  Zealot  
  75  5:34  Probe x2  
  77  5:39  Phoenix  
  79  5:43  Robotics Facility  
  79  5:49  Forge  
  79  5:50  Probe x2, Twilight Council  
  79  5:52  Nexus  
  79  5:53  Sentry  
  83  6:02  Probe x2 (Chrono Boost)  
  85  6:04  Pylon  
  85  6:06  Pylon  
  85  6:14  Probe x2 (Chrono Boost)  
  85  6:16  Charge  
  85  6:17  Protoss Ground Weapons Level 1 (Chrono Boost), Sentry x2  
  91  6:19  Probe x2 (Chrono Boost)  
  91  6:23  Zealot  
  95  6:28  Probe  
  95  6:29  Probe, Shield Battery  
  97  6:36  Pylon  
  97  6:41  Probe x2, Pylon  
  97  6:42  Assimilator  
  97  6:46  Assimilator  
  99  6:53  Gateway x2  
  99  6:56  Templar Archives  
  99  6:58  Gateway  
  98  7:05  Probe x3  
  98  7:06  Zealot  
  101  7:14  Zealot x2  
  100  7:28  Warp Prism (Chrono Boost)  
  100  7:36  Probe x3  
  103  7:42  Pylon  
  102  7:47  High Templar x2  
  102  7:48  High Templar x2, Zealot  
  102  7:50  Photon Cannon  
  112  7:52  Archon  
  112  7:53  Archon  
  112  7:56  Observer  
  112  7:57  Zealot  
  115  8:03  Protoss Ground Weapons Level 2 (Chrono Boost)  
  115  8:07  Probe x2, Gateway  
  115  8:08  Probe  
  115  8:09  Gateway  
  116  8:24  High Templar x2  
  116  8:25  Zealot x4  
  128  8:28  Archon  
  128  8:30  Photon Cannon  
  128  8:32  Blink (Chrono Boost)  
  98  8:58  Zealot x4  
  98  8:59  Probe x3  
  103  9:03  Photon Cannon  
  103  9:07  Zealot x4  
  111  9:14  Gateway  
  111  9:17  Gateway  
  111  9:24  Stalker x4  
  113  9:30  Warp Prism (Chrono Boost)  
  113  9:32  High Templar x4  
  115  9:48  High Templar, Photon Cannon  
  115  9:49  High Templar, Zealot x2  
  115  9:54  Pylon, Photon Cannon  
  115  9:55  Pylon  
  115  9:56  Archon  
  115  9:57  Photon Cannon  
  115  10:01  Archon  
  115  10:02  Archon  
  115  10:05  High Templar  
  115  10:06  High Templar, Zealot x2  
  123  10:17  Archon  
  121  10:22  Photon Cannon  
  121  10:24  High Templar  
  121  10:25  High Templar, Stalker x3  
  121  10:26  Photon Cannon  
  131  10:29  Archon  
  131  10:30  Stalker x2  
  131  10:34  Stalker  
  135  10:44  Stalker x2  
  135  10:47  Pylon x2  
  135  10:59  Stalker x5  
  127  11:28  Stalker x6  
  135  11:37  Stalker x2  
  128  12:12  Zealot x3  
  110  12:29  High Templar x4  
  117  12:30  Zealot  
  117  12:31  Probe x2 (Chrono Boost)  
  122  12:37  Probe (Chrono Boost), Archon x2  
  122  12:42  Warp Prism  
  108  12:54  Zealot x2  
  84  12:59  High Templar  
  84  13:00  High Templar, Zealot  
  61  13:16  Archon, High Templar x2  
  61  13:17  Zealot x4  
  67  13:20  Archon  
  65  13:45  Cybernetics Core  
  59  13:56  Probe x3  
  59  13:58  High Templar x2  
  59  14:02  Archon  
  66  14:03  Zealot x3  
  66  14:04  Zealot  
  73  14:18  Warp Prism (Chrono Boost)  
  75  14:26  Stalker x2  
  79  14:35  Templar Archives  
  79  14:37  Probe (Chrono Boost)  
  79  14:38  Probe (Chrono Boost)  
  81  14:42  Probe (Chrono Boost)  
  82  14:47  Probe (Chrono Boost)  
  82  14:48  Probe (Chrono Boost)  
  82  14:49  Probe (Chrono Boost)  
  85  14:53  Probe  
  84  15:00  Probe  
  79  15:16  High Templar x4  
  79  15:20  Archon  
  79  15:21  Archon  
  87  15:27  Phoenix x2 (Chrono Boost)  
  91  15:43  Phoenix x2 (Chrono Boost)  
  95  16:03  Phoenix x2 (Chrono Boost), Protoss Air Weapons Level 1 (Chrono Boost)  
  92  16:22  Phoenix x2 (Chrono Boost)  
  96  16:25  Pylon  
  96  16:30  High Templar x2  
  98  16:34  Archon  
  98  16:38  Phoenix (Chrono Boost)  
  91  16:58  Phoenix (Chrono Boost)  
  81  17:03  Zealot x4  
  81  17:06  Zealot x3  
  95  17:10  Phoenix (Chrono Boost)  
  93  17:16  Pylon  
  93  17:21  Phoenix (Chrono Boost)  
  95  17:31  Phoenix  
  97  17:41  Photon Cannon  
  97  17:48  Stalker x2  
  101  17:54  Stalker  
  103  17:59  Stalker  
  103  18:13  Stalker x2  
Tags
 
Add a new tag
Caveats
  • Supply blocks, unpowered buildings, or Contaminate may cause inaccurate times.
  • Supply counts are checked every 10 seconds.